 Dungeon Crawl Stone Soup version 0.19.1-1-g22dce08 (webtiles) character file.

270 Alarkh the Chopper (level 6, 16/47 HPs)
             Began as a Demonspawn Berserker on Jan 4, 2017.
             Was a Priest of Trog.
             Quit the game on level 4 of the Dungeon.
             The game lasted 00:04:04 (3735 turns).

Alarkh the Chopper (Demonspawn Berserker)           Turns: 3735, Time: 00:04:05

Health: 16/47      AC:  2    Str: 17    XL:     6   Next: 1%
Magic:  6/6        EV: 12    Int: 10    God:    Trog [***...]
Gold:   174        SH:  0    Dex: 13    Spells: 0 memorised, 5 levels left

rFire  . . .     SeeInvis .     a - +0 war axe
rCold  . . .     Gourm    .     b - +0 animal skin
rNeg   . . .     Faith    .     (no shield)
rPois  .         Spirit   .     (no helmet)
rElec  .         Reflect  .     (no cloak)
rCorr  .         Harm     .     (no gloves)
MR     .....                    (no boots)
Stlth  +.........               (no amulet)
                                (no ring)
                                (no ring)

@: mildly poisoned (16 -> 15), exhausted, slowed, very slow
A: talons 1, powered by pain 1
a: Berserk, Trog's Hand, Burn Spellbooks, Renounce Religion


You were on level 4 of the Dungeon.
You worshipped Trog.
Trog was most pleased with you.
You were not hungry.

You visited 1 branch of the dungeon, and saw 4 of its levels.

You collected 174 gold pieces.

Inventory:

Hand Weapons
 a - a +0 war axe (weapon)
 t - a +0 hand axe
Armour
 b - a +0 animal skin (worn)
Scrolls
 e - a scroll of identify
 g - 3 scrolls of teleportation
 k - a scroll of immolation {unknown}
 l - a scroll of magic mapping {unknown}
 n - a scroll of random uselessness
 p - a scroll of remove curse {unknown}
 q - a scroll of blinking {unknown}
 s - a scroll of fear {unknown}
Potions
 d - a potion of haste
 h - a potion of flight {unknown}
 i - a potion of brilliance
 j - a potion of heal wounds
 m - 2 potions of lignification {unknown}
 r - a potion of degeneration {unknown}
Comestibles
 c - 3 bread rations
 f - a meat ration
 o - 5 fruits


   Skills:
 - Level 3.0 Fighting
 + Level 6.1 Axes
 - Level 1.7 Armour
 - Level 1.7 Dodging


You had 5 spell levels left.
You didn't know any spells.

Dungeon Overview and Level Annotations

Branches:
Dungeon (4/15)
 Temple: D:4-7

Altars:
Cheibriados
Fedhas
Hepliaklqana
Makhleb
The Shining One


Innate Abilities, Weirdness & Mutations

You have sharp toenails.
You sometimes gain a little power by taking damage.


Message History

You feel much better.
You feel sick.
You feel sick.
There is an open door here.
You feel sick.
You feel sick.
You feel sick.
You feel sick.
You feel sick.
(D) Dungeon
Where to? (Enter - D:4, ? - help) Eating a chunk of flesh.
You start eating the chunk of flesh.
You feel sick.
This raw flesh tastes terrible.
Sorry, I don't know how to get there.
You feel sick.
You feel sick.
You feel sick.
You feel sick.
Are you sure you want to abandon this character and quit the game? (Confirm with "yes".)
Okay, then.
Unknown command.
Are you sure you want to abandon this character and quit the game? (Confirm with "yes".)

#............#.......
#....†#####'####....#
##....##....####....#
#....................
#....................
#....................
##............##.....
##....##......######+
#...@..########
##.....# #######


There were no monsters in sight!

Vanquished Creatures
  An ogre (D:4)
  A scorpion (D:4)
  4 adders
  A gnoll (D:1)
  3 worms
  2 dart slugs (D:1)
  2 leopard geckos (D:1)
  4 orcs (D:3)
  3 ball pythons
  8 bats
  A giant cockroach (D:2)
  7 goblins
  6 hobgoblins
  2 jackals (D:3)
  4 quokkas
  4 frilled lizards
  A jackal skeleton (D:4)
  12 kobolds
  7 rats
73 creatures vanquished.

Notes
Turn   | Place    | Note
-------+----------+-------------------------------------------
     0 | D:1      | Alarkh the Demonspawn Berserker began the quest for the Orb.
     0 | D:1      | Reached XP level 1. HP: 18/18 MP: 1/1
   259 | D:1      | Reached skill level 3 in Axes
   357 | D:2      | Gained mutation: You have sharp toenails. [demonic ancestry]
   357 | D:2      | Reached XP level 2. HP: 4/24 MP: 2/2
   993 | D:1      | Reached XP level 3. HP: 20/29 MP: 3/3
  1233 | D:1      | Reached ** piety under Trog
  1429 | D:1      | Reached skill level 4 in Axes
  1945 | D:2      | Reached XP level 4. HP: 34/35 MP: 4/4
  3263 | D:3      | Reached skill level 5 in Axes
  3394 | D:3      | Found a hazy altar of Hepliaklqana.
  3394 | D:3      | Found a burning altar of Makhleb.
  3395 | D:3      | Found a blossoming altar of Fedhas.
  3396 | D:3      | Found a snail-covered altar of Cheibriados.
  3400 | D:3      | Found a glowing golden altar of the Shining One.
  3501 | D:3      | Reached *** piety under Trog
  3623 | D:4      | Noticed an ogre
  3630 | D:4      | Killed an ogre
  3630 | D:4      | Reached XP level 5. HP: 41/41 MP: 5/5
  3712 | D:4      | Reached skill level 6 in Axes
  3712 | D:4      | Gained mutation: You sometimes gain a little power by taking damage. [demonic ancestry]
  3712 | D:4      | Reached XP level 6. HP: 15/47 MP: 6/6
  3735 | D:4      | Quit the game

Skill      XL: |  1  2  3  4  5 |
---------------+----------------+-----
Axes           | 3 4 5 6 |  6.1
Fighting       | |  3.0
Armour         | |  1.7
Dodging        | |  1.7

Action                   |  1- 3 |  4- 6 || total
-------------------------+-------+-------++-------
Melee: Hand axe          |   109 |   111 ||   220
       Kick              |    12 |    31 ||    43
       War axe           |       |    19 ||    19
Invok: Berserk           |     1 |     3 ||     4
  Use: Scroll            |       |     5 ||     5
       Potion            |       |     1 ||     1
 Stab: Sleeping          |     3 |     1 ||     4
  Eat: Chunk             |     4 |     9 ||    13
Armor: Animal skin       |    18 |    14 ||    32
Dodge: Dodged            |    58 |    93 ||   151
